 Dungeon Sprint DCSS version 0.20.1-1-g8b1a95d (webtiles) character file.

987 wojtek the Basher (level 7, -9/72 HPs)
             Began as a Minotaur Berserker on Jan 1, 2018.
             Was a Priest of Trog.
             Mangled by a tyrant leech (20 damage)
             ... in the Dungeon (Sprint II: "The Violet Keep of Menkaure").
             The game lasted 00:00:58 (465 turns).

wojtek the Basher (Minotaur Berserker)               Turns: 465, Time: 00:00:59

Health: -9/72      AC:  2    Str: 24    XL:     7   Next: 97%
Magic:  6/6        EV: 16    Int:  4    God:    Trog [***...]
Gold:   729        SH:  0    Dex:  9    Spells: 6/6 levels left

rFire    . . .     SeeInvis .   a - +0 mace
rCold    . . .     Gourm    .   (no shield)
rNeg     . . .     Faith    .   b - +0 animal skin
rPois    .         Spirit   .   (helmet restricted)
rElec    .         Reflect  .   (no cloak)
rCorr    .         Harm     .   (no gloves)
MR       .....     NoTele   +   (no boots)
Stlth    +.........             (no amulet)
Regen    0.3/turn               (no ring)
MPRegen  0.1/turn               (no ring)

@: berserk cooldown, slowed, very slow
A: retaliatory headbutt, horns 2
a: Berserk, Trog's Hand, Burn Spellbooks, Renounce Religion


You were in the Dungeon.
You worshipped Trog.
Trog was most pleased with you.
You were very hungry.

You visited 1 branch You collected 729 gold pieces.

Inventory:

Hand Weapons
 a - a +0 mace (weapon)
Armour
 b - a +0 animal skin (worn)
Scrolls
 i - a scroll of blinking
Potions
 d - a potion of curing
 e - a potion of heal wounds
 f - a potion of haste
 g - 2 potions of magic
 h - a potion of berserk rage
Comestibles
 c - a bread ration
 j - 18 chunks of flesh


   Skills:
 + Level 10.1 Fighting
 * Level 13.2 Maces & Flails
 + Level 9.6 Armour
 + Level 8.8 Dodging


You had 6 spell levels left.
You didn't know any spells.

Dungeon Overview and Level Annotations

Branches:
Dungeon (1/1)

Altars:


Innate Abilities, Weirdness & Mutations

You reflexively headbutt those who attack you in melee.
You have a pair of horns on your head.


Message History

You sock the tyrant leech! Your headbutt misses the tyrant leech.
The tyrant leech is moderately wounded.
The tyrant leech closely misses you. You furiously retaliate!
You headbutt the tyrant leech. You sock the tyrant leech!
You headbutt the tyrant leech.
The tyrant leech is severely wounded.
The tyrant leech bites you.
The tyrant leech draws strength from your injuries!
You closely miss the tyrant leech.
The tyrant leech is heavily wounded.
The tyrant leech bites you!!
* * * LOW HITPOINT WARNING * * *
The tyrant leech draws strength from your injuries!
You miss the tyrant leech.
The tyrant leech is moderately wounded.
The tyrant leech barely misses you.
You barely miss the tyrant leech. You headbutt the tyrant leech!
The tyrant leech is moderately wounded.
The tyrant leech bites you!!
You die...

##+## ##...##
#..#..# #
##.).#### ##.
##+###.##
#$..##.##.#.#
#w@<.'###+..#
#...##.##.#.#....#
##.
##'###.##...... #
##.#.#### ..÷..
#..#..# ≈≈≈..
###.### §§≈§ #+#
≈≈≈≈


You could see a tyrant leech.

Vanquished Creatures
  A merfolk siren (D)
  A tyrant leech (D)
  2 hippogriffs (D)
  4 worker ants (D)
8 creatures vanquished.

Vanquished Creatures (others)
  Menkaure (D)
  A crocodile (D)
2 creatures vanquished.

Grand Total: 10 creatures vanquished

Notes
Turn   | Place    | Note
-------+----------+-------------------------------------------
     0 | D        | wojtek the Minotaur Berserker began the quest for the Orb.
     0 | D        | Reached XP level 1. HP: 19/19 MP: 0/0
     1 | D        | Noticed a merfolk siren
     8 | D        | Killed a merfolk siren
     8 | D        | Reached skill level 10 in Maces & Flails
     8 | D        | Reached XP level 2. HP: 14/35 MP: 1/1
     8 | D        | Reached XP level 3. HP: 16/40 MP: 2/2
     8 | D        | Reached XP level 4. HP: 19/48 MP: 3/3
     8 | D        | Reached XP level 5. HP: 21/53 MP: 4/4
     8 | D        | Reached XP level 6. HP: 24/61 MP: 5/5
    35 | D        | Killed Menkaure
   254 | D        | Noticed a hippogriff
   254 | D        | Noticed a hippogriff
   260 | D        | Killed a hippogriff
   260 | D        | Reached ** piety under Trog
   260 | D        | Reached skill level 11 in Maces & Flails
   260 | D        | Reached XP level 7. HP: 57/69 MP: 6/6
   264 | D        | Killed a hippogriff
   264 | D        | Reached skill level 12 in Maces & Flails
   420 | D        | Reached *** piety under Trog
   441 | D        | Noticed a tyrant leech
   441 | D        | Noticed a tyrant leech
   451 | D        | Killed a tyrant leech
   451 | D        | Reached skill level 10 in Fighting
   451 | D        | Reached skill level 13 in Maces & Flails
   465 | D        | Mangled by a tyrant leech

Skill      XL: |  1  2  3  4  5  6  7 |
---------------+----------------------+-----
Fighting       | 8 10 | 10.1
Maces & Flails | 10 11 13 | 13.2
Armour         | 7 8 9 |  9.6
Dodging        | 6 7 8 |  8.8

Action                   |  1- 3 |  4- 6 |  7- 9 || total
-------------------------+-------+-------+-------++-------
Melee: Mace              |     5 |     5 |    38 ||    48
       Headbutt          |     2 |     2 |    11 ||    15
Invok: Berserk           |     1 |     1 |     1 ||     3
Armor: Animal skin       |       |       |     1 ||     1
Dodge: Dodged            |       |     1 |    13 ||    14
